 Dungeon Crawl Stone Soup version 0.21.0-3-g78d12a8 (webtiles) character file.

246 Inarius the Chiller (level 5, -5/38 HPs)
             Began as a Draconian Ice Elementalist on Jan 14, 2018.
             Killed from afar by Blork the orc (9 damage)
             ... with a wand of flame (18)
             ... on level 4 of the Dungeon.
             The game lasted 00:06:30 (2998 turns).

Inarius the Chiller (Draconian Ice Elementalist)    Turns: 2998, Time: 00:06:30

Health: -5/38      AC: 11    Str: 11    XL:     5   Next: 84%
Magic:  1/10       EV: 12    Int: 16    God:
Gold:   142        SH:  0    Dex: 11    Spells: 7/11 levels left

rFire    . . .     SeeInvis .   c - +0 dagger
rCold    . . .     Gourm    .   (no shield)
rNeg     . . .     Faith    .   (armour unavailable)
rPois    .         Spirit   .   (helmet restricted)
rElec    .         Reflect  .   (no cloak)
rCorr    .         Harm     .   (no gloves)
MR       .....                  e - +0 pair of boots
Stlth    ++........             (no amulet)
HPRegen  0.12/turn              (no ring)
MPRegen  0.12/turn              (no ring)

@: icy armour (expiring), very slightly contaminated, slow
A: unfitting armour, cold-blooded, AC +5
a: no special abilities


You were on level 4 of the Dungeon.
You were not hungry.

You visited 1 branch of the dungeon, and saw 4 of its levels.

You collected 142 gold pieces.

Inventory:

Hand Weapons
 c - a +0 dagger (weapon)
Armour
 e - a +0 pair of boots (worn)
Jewellery
 h - an uncursed ring of poison resistance {unknown}
 j - an uncursed ring of ice {unknown}
Wands
 r - a wand of enslavement (13)
Scrolls
 d - a scroll of noise {unknown}
 g - a scroll of remove curse {unknown}
 i - a scroll of enchant armour {unknown}
 l - 2 scrolls of enchant weapon {unknown}
 m - 2 scrolls of identify {unknown}
 p - a scroll of fear {unknown}
Potions
 f - 2 potions of haste {unknown}
 k - a potion of degeneration {unknown}
 n - a potion of flight {unknown}
 o - 2 potions of invisibility {unknown}
 q - a potion of curing {unknown}
Books
 a - a book of Frost

   Spells                             Type                      Level
   a - Freeze                         Ice                          1
   b - Throw Frost                    Conjuration/Ice              2
   c - Ozocubu's Armour               Charms/Ice                   3
   d - Throw Icicle                   Conjuration/Ice              4
   e - Summon Ice Beast               Ice/Summoning                4
Comestibles
 b - a ration
 s - a chunk of flesh


   Skills:
 + Level 0.3 Fighting
 - Level 0.2 Short Blades
 + Level 2.4 Dodging
 - Level 1.7 Stealth
 + Level 3.6 Spellcasting
   Level 1.0 Conjurations
 * Level 0.9 Charms
 * Level 5.0 Ice Magic


You had 7 spell levels left.
You knew the following spells:

 Your Spells              Type           Power        Failure   Level  Hunger
a - Freeze                Ice            ###.         2%          1    None
b - Ozocubu's Armour      Chrm/Ice       ##......     16%         3    ###....


Dungeon Overview and Level Annotations

Branches:
Dungeon (4/15)
 Temple: D:4-7

Altars:
Elyvilon
Trog
Xom

Annotations:
D:4 Blork the orc; pstr's ghost, amateur NaEE


Innate Abilities, Weirdness & Mutations

Your plain brown scales are hard. (AC +5)
You cannot fit into any form of body armour.
You are cold-blooded and may be slowed by cold attacks.


Message History

Deactivating autopickup; reactivate with Ctrl-A.
Casting: Freeze
Confirm with . or Enter, or press ? or * to list all spells.
Okay, then.
Unknown command.
You hit something but do no damage.
You hear some strange, mumbled words.
A puff of flame appears from out of thin air!
The puff of flame hits you! Something hits you!
* * * LOW HITPOINT WARNING * * *
The heat melts your icy armour.
You hear a zap.
A puff of flame appears from out of thin air!
The puff of flame hits you!
* * * LOW HITPOINT WARNING * * *
The heat melts your icy armour.
You hear a zap.
A puff of flame appears from out of thin air!
The puff of flame hits you!
You die...

#.....# #........ #.....#
#........# #.....#
#........# #.....#
#........# +#####...(.#
#........# ...........#
#.........
...........######.........
..........................
................@.........
...................{......
......#####...............
......# #...............
......+ +...............
......# #...............
......# #...............
......# #.............+#
......# #.............#


There were no monsters in sight!

Vanquished Creatures
  A bullfrog zombie (D:3)
  3 hounds (D:3)
  A worker ant (D:2)
  A gnoll (D:3)
  2 adders (D:2)
  2 oozes
  A dart slug (D:1)
  2 leopard geckos
  7 bats
  3 giant cockroaches
  6 goblins
  8 hobgoblins
  5 kobolds
  A quokka (D:4)
  3 ball pythons
  4 frilled lizards
  5 rats
55 creatures vanquished.

Notes
Turn   | Place    | Note
-------+----------+-------------------------------------------
     0 | D:1      | Inarius the Draconian Ice Elementalist began the quest for the Orb.
     0 | D:1      | Reached XP level 1. HP: 14/14 MP: 3/3
   198 | D:1      | Reached XP level 2. HP: 14/20 MP: 3/5
   437 | D:1      | You fall through a shaft!
   813 | D:1      | Reached XP level 3. HP: 26/26 MP: 6/6
   817 | D:1      | Reached skill level 4 in Ice Magic
  1129 | D:2      | Learned a level 3 spell: Ozocubu's Armour
  1320 | D:2      | Reached XP level 4. HP: 32/33 MP: 4/7
  1446 | D:2      | Found a shimmering altar of Xom.
  1446 | D:2      | Found a white marble altar of Elyvilon.
  2187 | D:3      | Reached XP level 5. HP: 21/38 MP: 9/9
  2774 | D:4      | Noticed pstr's ghost (amateur NaEE)
  2793 | D:3      | Reached skill level 5 in Ice Magic
  2924 | D:4      | Found a bloodstained altar of Trog.
  2973 | D:4      | Noticed Blork the orc
  2998 | D:4      | Killed from afar by Blork the orc

Skill      XL: |  1  2  3  4  5 |
---------------+----------------+-----
Ice Magic      | 4 5 |  5.0
Dodging        | 2 |  2.4
Spellcasting   | 3 |  3.6
Fighting       | |  0.3
Short Blades   | |  0.2
Stealth        | |  1.7
Conjurations   | |  1.0
Charms         | |  0.9

Action                   |  1- 3 |  4- 6 || total
-------------------------+-------+-------++-------
Melee: Dagger            |    52 |    80 ||   132
       Unarmed           |     3 |       ||     3
       Tailslap          |     4 |    13 ||    17
 Cast: Freeze            |    29 |    42 ||    71
       Ozocubu's Armour  |       |     1 ||     1
 Stab: Sleeping          |     5 |     4 ||     9
  Eat: Chunk             |     2 |     5 ||     7
Armor: Skin              |    18 |    23 ||    41
Dodge: Dodged            |    51 |    75 ||   126
